 Dungeon Crawl Stone Soup version 0.20-a0-274-g7b51309 (webtiles) character file.

213 PurpleRed the Insei (level 5, -1/37 HPs)
             Began as a Merfolk Transmuter on Dec 11, 2016.
             Was an Initiate of Okawaru.
             Slain by Grinder (9 damage)
             ... on level 3 of the Dungeon.
             The game lasted 00:09:09 (3126 turns).

PurpleRed the Insei (Merfolk Transmuter)            Turns: 3126, Time: 00:09:09

Health: -1/37      AC:  5    Str: 16    XL:     5   Next: 90%
Magic:  8/8        EV: 18    Int: 18    God:    Okawaru [......]
Gold:   128        SH:  0    Dex: 19    Spells: 5/8 levels left

rFire  . . .     SeeInvis .       - Unarmed
rCold  + . .     Gourm    .     q - +0 leather armour
rNeg   . . .     Faith    .     (no shield)
rPois  .         Spirit   .     g - +1 helmet
rElec  .         Reflect  .     (no cloak)
rCorr  .         Harm     .     (no gloves)
MR     .....                    (no boots)
Stlth  +++.......               (no amulet)
                                k - ring of stealth
                                u - ring of protection from cold

@: mighty, brilliant, agile
A: change form in water, swift swim, stealthy swim
a: Renounce Religion


You were on level 3 of the Dungeon.
You worshipped Okawaru.
Okawaru was noncommittal.
You were not hungry.

You visited 1 branch of the dungeon, and saw 3 of its levels.

You collected 128 gold pieces.

Inventory:

Missiles
 a - 51 arrows
Armour
 b - a +0 robe
 g - a +1 helmet (worn)
 q - a +0 leather armour (worn)
Jewellery
 k - a ring of stealth (right hand)
 u - a ring of protection from cold (left hand)
Wands
 v - a wand of random effects (32/48)
Scrolls
 n - a scroll of immolation
Potions
 i - a potion of brilliance
 t - a potion of cancellation {unknown}
Books
 c - a book of Changes

   Spells                             Type                      Level
   a - Beastly Appendage              Transmutation                1
   b - Sticks to Snakes               Transmutation                2
   c - Spider Form                    Transmutation/Poison         3
   d - Ice Form                       Ice/Transmutation            4
   e - Blade Hands                    Transmutation                5
 s - a book of Conjurations

   Spells                             Type                      Level
   a - Magic Dart                     Conjuration                  1
   b - Searing Ray                    Conjuration                  2
   c - Dazzling Spray                 Conjuration/Hexes            3
   d - Fulminant Prism                Conjuration/Hexes            4
   e - Iskenderun's Mystic Blast      Conjuration                  4
   f - Iskenderun's Battlesphere      Conjuration/Charms           5
Comestibles
 d - 3 bread rations
 f - 2 slices of pizza
 h - 4 fruits
 l - 2 chunks of flesh
 r - a meat ration


   Skills:
 - Level 1.1 Fighting
 - Level 2.6 Dodging
 + Level 7.0 Unarmed Combat
 - Level 2.0 Spellcasting
 - Level 2.6 Transmutations


You had 5 spell levels left.
You knew the following spells:

 Your Spells              Type           Power        Failure   Level  Hunger
a - Beastly Appendage     Tmut           ###...       1%          1    #......
b - Sticks to Snakes      Tmut           ###.....     1%          2    ###....


Dungeon Overview and Level Annotations

Branches:
Dungeon (3/15)

Altars:
Okawaru
Xom

Annotations:
D:3 Grinder


Message History

Grinder is lightly wounded.
Grinder closely misses you. x2
You hit Grinder.
Grinder is lightly wounded.
Grinder gestures at you.
You suddenly lose the ability to move!
Grinder gestures at you.
You shrug off the repeated paralysis!
Grinder gestures at you.
You shrug off the repeated paralysis!
Grinder rolls her eyes.
Grinder hits you!
You writhe in agony.
Grinder barely misses you. Grinder hits you.
You writhe in agony.
* * * LOW HITPOINT WARNING * * *
Grinder barely misses you.
You can move again.
It was a potion of might.
You feel very mighty all of a sudden. Grinder hits you!
You die...

### ### #.# #.#
#.############.#
#........).....########
#.############.@5......
##.## ########## ....#
....# ###### ....#
#....# ..$.5. #....#
........ #....# .
......... #....# ..
......... #....# ...


You could see Grinder.

Vanquished Creatures
  An orc wizard (D:3)
  Natasha (thrice) (D:2)
  Robin (D:1)
  An adder (D:2)
  A worm (D:3)
  3 dart slugs
  A leopard gecko (D:2)
  4 orcs (D:3)
  A bat (D:2)
  16 goblins
  9 hobgoblins
  10 jackals (D:1)
  2 ball pythons (D:1)
  5 frilled lizards
  8 kobolds
  11 rats
77 creatures vanquished.

Notes
Turn   | Place    | Note
-------+----------+-------------------------------------------
     0 | D:1      | PurpleRed the Merfolk Transmuter began the quest for the Orb.
     0 | D:1      | Reached XP level 1. HP: 15/15 MP: 3/3
   229 | D:1      | Reached XP level 2. HP: 14/21 MP: 1/5
   319 | D:1      | Reached skill level 4 in Unarmed Combat
   807 | D:1      | Reached XP level 3. HP: 26/26 MP: 4/6
  1167 | D:2      | Found an iron altar of Okawaru.
  1187 | D:2      | Became a worshipper of Warmaster Okawaru
  1193 | D:2      | Learned a level 2 spell: Sticks to Snakes
  1285 | D:2      | Noticed Robin
  1339 | D:1      | Killed Robin
  1339 | D:1      | Reached skill level 5 in Unarmed Combat
  1584 | D:2      | Reached XP level 4. HP: 29/32 MP: 7/7
  1779 | D:2      | Found a shimmering altar of Xom.
  1794 | D:2      | Noticed Natasha
  1814 | D:2      | Killed Natasha
  2278 | D:2      | Reached skill level 6 in Unarmed Combat
  2338 | D:2      | Noticed Natasha
  2359 | D:2      | Killed Natasha
  2359 | D:2      | Reached XP level 5. HP: 20/37 MP: 8/8
  2788 | D:2      | Noticed Natasha
  2796 | D:2      | Killed Natasha
  3028 | D:3      | Reached skill level 7 in Unarmed Combat
  3092 | D:3      | Noticed Grinder
  3111 | D:3      | Paralysed by Grinder for 5 turns
  3121 | D:3      | Paralysed by Grinder for 4 turns
  3126 | D:3      | Slain by Grinder

Vault maps used:
D:1:      lemuel_arrival_funnel
D:2:      kennysheep_okawaru_gauntlet, xom_teletrap_fun, uniq_natasha,
          uniq_robin
D:3:      uniq_grinder

Skill      XL: |  1  2  3  4  5 |
---------------+----------------+-----
Unarmed Combat | 4 5 6 7 |  7.0
Fighting       | |  1.1
Dodging        | |  2.6
Spellcasting   | |  2.0
Transmutations | |  2.6

Action                   |  1- 3 |  4- 6 || total
-------------------------+-------+-------++-------
Melee: Unarmed           |   103 |   147 ||   250
       Headbutt          |    12 |       ||    12
       Punch             |     1 |     1 ||     2
 Cast: Beastly Appendage |    23 |       ||    23
Evoke: Wand              |       |     1 ||     1
  Use: Scroll            |     4 |     2 ||     6
       Potion            |       |     4 ||     4
 Stab: Sleeping          |     1 |     4 ||     5
  Eat: Chunk             |     3 |     5 ||     8
Armor: Robe              |    11 |    11 ||    22
       Leather armour    |       |    12 ||    12
Dodge: Dodged            |    75 |    74 ||   149
